 Dungeon Crawl Stone Soup version 0.16.1-5-gaa23807 (webtiles) character file.

8453 Huymann the Basher (level 11, -1/115 HPs)
             Began as an Ogre Berserker on Mar 28, 2015.
             Was a High Priest of Trog.
             Slain by an unseen horror (6 damage)
             ... on level 10 of the Dungeon.
             The game lasted 01:24:54 (11547 turns).

Huymann the Basher (Ogre Berserker)                Turns: 11547, Time: 01:24:57

Health: -1/115     AC: 13    Str: 24    XL:     11   Next: 31%
Magic:  20/20      EV: 14    Int:  6    God:    Trog [*****.]
Gold:   539        SH:  0    Dex: 12    Spells: 0 memorised, 10 levels left

rFire  . . .     SeeInvis .     D - +3 morningstar (protect)
rCold  . . .     Clarity  .     K - +1 robe {MR+}
rNeg   . . .     SustAb   .     (shield restricted)
rPois  .         Gourm    .     x - +2 hat
rElec  .         Spirit   .     p - +1 cloak
rCorr  .         Warding  .     (gloves unavailable)
rMut   .         Stasis   .     (boots unavailable)
MR     +++..                    (no amulet)
Stlth  ++........               (no ring)
                                m - ring of protection from magic

@: very slightly contaminated, extremely resistant to hostile enchantments,
unstealthy
A: unfitting armour, tough skin 1
a: Burn Spellbooks, Berserk, Trog's Hand, Brothers in Arms, Renounce Religion


You were on level 10 of the Dungeon.
You worshipped Trog.
Trog was extremely pleased with you.
You were hungry.

You visited 1 branch of the dungeon, and saw 11 of its levels.

You collected 573 gold pieces.
You spent 34 gold pieces at shops.

Inventory:

Hand weapons
 b - a +0 quarterstaff
 e - a +0 blowgun
 g - a +2 mace of protection
 l - a +2 mace of crushing
 u - a +2 flail of holy wrath
 D - a +3 morningstar of protection (weapon)
 P - a +4 longbow of flaming
Missiles
 f - 113 stones
 B - 4 poisoned tomahawks (quivered)
 H - 4 large rocks
 I - 34 poisoned needles
Armour
 p - a +1 cloak (worn)
 x - a +2 hat (worn)
 G - a +2 robe of magic resistance
 K - a +1 robe of magic resistance (worn)
Jewellery
 m - a ring of protection from magic (left hand)
Magical devices
 q - a wand of paralysis (4)
 w - a wand of digging (10)
 A - a wand of digging (11)
 C - a wand of magic darts (33)
Scrolls
 i - 3 scrolls of remove curse
 L - a scroll of immolation
Potions
 a - 2 potions of restore abilities {unknown}
 h - a potion of lignification {unknown}
 j - a potion of cancellation {unknown}
 k - a potion of flight {unknown}
 n - 2 potions of curing
 o - 2 potions of invisibility {unknown}
 r - 3 potions of agility
 s - a potion of haste {unknown}
 v - 2 potions of brilliance {unknown}
 J - 2 potions of poison {unknown}
 N - a potion of heal wounds {unknown}
Books
 F - a book of Summonings

   Spells                             Type                      Level
   a - Abjuration                     Summoning                    3
   b - Recall                         Summoning/Translocation      3
   c - Shadow Creatures               Summoning                    5
   d - Summon Demon                   Summoning                    5
   e - Summon Forest                  Summoning/Translocation      5
   f - Monstrous Menagerie            Summoning                    6
   Trog disapproves of the use of such an item.
Comestibles
 c - 5 meat rations
 d - a beef jerky
 t - 5 bread rations
 z - a royal jelly
 E - 8 slices of pizza
 O - a chunk of flesh


   Skills:
 + Level 9.4 Fighting
 + Level 10.4 Maces & Flails
 + Level 5.2 Throwing
 + Level 1.7 Armour
 + Level 8.7 Dodging
 * Level 6.3 Stealth
 * Level 5.6 Evocations


You had 10 spell levels left.
You didn't know any spells.

Dungeon Overview and Level Annotations

Branches:
Dungeon (11/15)            Temple (0/1) D:6            Lair (0/8) D:8
    Orc: D:9-12

Altars:
Ashenzari
Elyvilon
Gozag
Makhleb
Qazlal
Trog
Xom
Yredelemnul
The Shining One

Shops:
D:9 [


Innate Abilities, Weirdness & Mutations

You are too large for most types of armour.
You have tough skin (AC +1).


Message History

As you read the scroll of blinking, it crumbles to dust.
The kobold demonologist gestures wildly while chanting.
The kobold demonologist casts a spell.
A kobold comes into view. It is wielding a dagger.
A quokka and a kobold come into view.
You see here a poisoned tomahawk.
Something hits you but does no damage.
Your two-headed ogre hits the kobold demonologist with a giant spiked club!!!
The kobold demonologist dies!
Trog accepts your kill.
Trog appreciates your killing of a magic user.
Your two-headed ogre misses the big kobold.
There is a stone staircase leading up here.
The crimson imp disappears in a puff of smoke!
The red devil disappears in a puff of smoke!
Something hits you but does no damage. x2
Your two-headed ogre misses the white ugly thing.
Your two-headed ogre hits the white ugly thing with a dire flail!
You climb upwards.
Something hits you.
You die...

##.........#####
##.......## #.......#
#.......## .# ##.......#
...# #.......##
.....###........## ##
#................### ##.
##.....@.#######...###..
#....T.## ###..#...
##....## #.....# #.oo#
#...... ....s #...#...
..... #..###.. ... #.##
#.. .. #.. ##. #.# ##


You could see a troll, a scorpion and 2 orc wizards.

Vanquished Creatures
  2 two-headed ogres
  Grinder (D:3)
  10 yaks
  A shadow (D:8)
  A deep elf fighter (D:8)
  Grum (D:8)
  A hungry ghost (D:8)
  A human (D:9)
  4 wolves (D:8)
  A water moccasin (D:6)
  A sky beast (D:3)
  2 orc warriors
  3 phantoms
  3 ice beasts
  The ghost of Monkaria the Slasher, an average MiSk (D:3)
  7 centaurs
  A crocodile (D:8)
  2 ogres
  A black bear (D:6)
  A big kobold (D:8)
  9 giant frogs
  5 scorpions
  A wyvern skeleton (D:9)
  8 wights
  A quasit (D:6)
  2 crimson imps
  2 jellies
  A giant frog zombie (D:5)
  3 hounds
  9 worker ants
  8 orc priests
  A giant frog skeleton (D:4)
  A gnoll shaman (D:5)
  17 orc wizards
  4 iguanas
  Ijyb (D:2)
  A hound zombie (D:7)
  A hound skeleton (D:8)
  A mummy (D:7)
  2 worker ant zombies
  8 adders
  3 gnolls (D:5)
  3 river rats (D:8)
  6 shadow imps
  A worm (D:2)
  An adder zombie (D:8)
  An orc skeleton (D:5)
  3 giant geckos
  2 oozes
  52 orcs
  A ball python (D:3)
  2 bat skeletons (D:4)
  6 giant cockroaches
  11 goblins
  12 hobgoblins
  19 bats
  A giant cockroach zombie (D:5)
  A giant gecko skeleton (D:6)
  4 giant newts
  A goblin zombie (D:5)
  7 jackals
  16 kobolds
  6 quokkas
  17 rats
  A rat zombie (D:5)
308 creatures vanquished.

Vanquished Creatures (collateral kills)
  A kobold demonologist (D:11)
  An orc warrior (D:8)
  An orc priest (D:8)
  An orc wizard (D:8)
  A worker ant (D:5)
  A hound zombie (D:5)
  2 gnolls (D:5)
  2 orcs (D:8)
10 creatures vanquished.

Grand Total: 318 creatures vanquished

Notes
Turn   | Place    | Note
--------------------------------------------------------------
     0 | D:1      | Huymann, the Ogre Berserker, began the quest for the Orb.
     0 | D:1      | Reached XP level 1. HP: 24/24 MP: 1/1
   184 | D:1      | Found a shattered altar of Ashenzari.
   204 | D:1      | Reached XP level 2. HP: 32/32 MP: 2/2
   889 | D:1      | Acquired Trog's second power
   889 | D:1      | Reached XP level 3. HP: 39/39 MP: 3/3
  1278 | D:2      | Noticed Ijyb
  1294 | D:2      | Killed Ijyb
  1370 | D:2      | Found a basalt altar of Yredelemnul.
  1541 | D:2      | Reached skill level 5 in Maces & Flails
  1541 | D:2      | Reached XP level 4. HP: 49/49 MP: 4/4
  2179 | D:3      | Reached XP level 5. HP: 53/55 MP: 5/5
  2649 | D:3      | Reached skill level 1 in Stealth
  2658 | D:3      | Reached skill level 1 in Throwing
  2701 | D:3      | Noticed Monkaria's ghost (average MiSk)
  2702 | D:3      | Noticed Grinder
  2724 | D:3      | Killed Monkaria's ghost
  2724 | D:3      | Reached skill level 5 in Fighting
  2724 | D:3      | Reached XP level 6. HP: 66/66 MP: 6/6
  2797 | D:3      | Killed Grinder
  2797 | D:3      | Reached XP level 7. HP: 72/72 MP: 7/7
  2800 | D:3      | Found a glowing golden altar of the Shining One.
  2801 | D:3      | Noticed a sky beast
  2825 | D:3      | Killed a sky beast
  3444 | D:4      | Reached skill level 6 in Maces & Flails
  3791 | D:4      | Reached XP level 8. HP: 75/81 MP: 8/8
  4203 | D:4      | Acquired Trog's third power
  4257 | D:5      | Entered Level 5 of the Dungeon
  4290 | D:5      | Reached skill level 5 in Dodging
  4638 | D:5      | Found a shimmering altar of Xom.
  4639 | D:5      | Found a shimmering altar of Xom.
  4648 | D:5      | Reached skill level 1 in Evocations
  4671 | D:5      | Found an opulent altar of Gozag.
  5444 | D:5      | Found a burning altar of Makhleb.
  5573 | D:5      | Found a stormy altar of Qazlal.
  5659 | D:6      | Reached XP level 9. HP: 92/92 MP: 12/12
  5966 | D:6      | Reached skill level 7 in Maces & Flails
  6102 | D:6      | Found a staircase to the Ecumenical Temple.
  7533 | D:7      | Reached skill level 8 in Maces & Flails
  7533 | D:7      | Reached skill level 5 in Throwing
  7574 | D:7      | Found a stormy altar of Qazlal.
  7621 | D:7      | Found a bloodstained altar of Trog.
  7943 | D:7      | Reached skill level 5 in Stealth
  8284 | D:8      | Reached XP level 10. HP: 104/104 MP: 16/16
  8907 | D:8      | Received a gift from Trog
  8990 | D:8      | Found a white marble altar of Elyvilon.
  9257 | D:8      | Found a staircase to the Lair.
  9356 | D:8      | Noticed Grum
  9369 | D:8      | Killed Grum
  9369 | D:8      | Reached skill level 9 in Maces & Flails
 10289 | D:9      | Found Klaes' Antique Armour Emporium.
 10297 | D:9      | Bought an embroidered robe for 17 gold pieces
 10297 | D:9      | Bought a runed robe for 17 gold pieces
 10521 | D:9      | Reached skill level 5 in Evocations
 10786 | D:9      | Reached XP level 11. HP: 115/115 MP: 19/19
 11128 | D:10     | Entered Level 10 of the Dungeon
 11171 | D:10     | Reached skill level 10 in Maces & Flails
 11358 | D:10     | Received a gift from Trog
 11539 | D:11     | HP: 5/115 [big kobold/short sword (2)]
 11547 | D:10     | Slain by an unseen horror

Action                   |  1- 3 |  4- 6 |  7- 9 | 10-12 || total
-------------------------+-------+-------+-------+-------++-------
Melee: Mace              |   104 |    70 |   562 |    98 ||   834
       Morningstar       |       |       |       |   267 ||   267
Throw: Stone             |    19 |    47 |   106 |    16 ||   188
       Tomahawk          |       |       |       |    12 ||    12
Invok: Berserk           |     1 |     3 |     6 |     4 ||    14
       Trog's Hand       |       |     2 |       |     1 ||     3
       Brothers in Arms  |       |       |     1 |     2 ||     3
  Use: Scroll            |       |     5 |     3 |     9 ||    17
       Potion            |       |       |       |     1 ||     1
 Stab: Sleeping          |       |       |     3 |     9 ||    12
  Eat: Chunk             |     2 |     7 |    24 |    15 ||    48
       Pizza             |       |       |       |     1 ||     1
